 Dungeon Crawl Stone Soup version 0.21.1-1-g345015f (webtiles) character file.

14 Gospel the Magician (level 2, -2/19 HPs)
             Began as a Mummy Wizard on June 11, 2018.
             Slain by a gnoll
             ... wielding a +0 spear
              (9 damage)
             ... on level 1 of the Dungeon.
             The game lasted 00:02:01 (801 turns).

Gospel the Magician (Mummy Wizard)                   Turns: 801, Time: 00:02:01

Health: -2/19      AC:  2    Str: 10    XL:     2   Next: 31%
Magic:  0/7        EV: 12    Int: 17    God:
Gold:   12         SH:  0    Dex: 10    Spells: 6/9 levels left

rFire    x . .     SeeInvis .   d - +0 dagger
rCold    + . .     Gourm    .   (no shield)
rNeg     + + +     Faith    .   a - +0 robe
rPois    ∞         Spirit   .   b - +0 hat
rElec    .         Reflect  .   (no cloak)
rCorr    .         Harm     .   (no gloves)
MR       .....                  (no boots)
Stlth    ++........             (no amulet)
HPRegen  0.06/turn              (no ring)
MPRegen  0.10/turn              (no ring)

@: very slightly contaminated
A: no food or potions, fire vulnerability, cold resistance 1, negative energy
resistance 3, torment resistance, unbreathing
a: no special abilities


You were on level 1 of the Dungeon.
You were not hungry.

You visited 1 branch of the dungeon, and saw 1 of its levels.

You collected 12 gold pieces.

Inventory:

Hand Weapons
 d - a +0 dagger (weapon)
Armour
 a - a +0 robe (worn)
 b - a +0 hat (worn)
Scrolls
 e - a scroll of identify {unknown}
 f - a scroll of enchant weapon {unknown}
Books
 c - a book of Minor Magic

   Spells                             Type                      Level
   a - Magic Dart                     Conjuration                  1
   b - Blink                          Translocation                2
   c - Call Imp                       Summoning                    2
   d - Slow                           Hexes                        2
   e - Conjure Flame                  Conjuration/Fire             3
   f - Mephitic Cloud                 Conjuration/Poison/Air       3


   Skills:
 + Level 0.2 Fighting
 - Level 1.5 Dodging
 - Level 1.5 Stealth
 + Level 4.4 Spellcasting
 + Level 1.4 Conjurations
   Level 0.7 Summonings
 - Level 0.7 Translocations


You had 6 spell levels left.
You knew the following spells:

 Your Spells              Type           Power        Failure   Level  Hunger
a - Magic Dart            Conj           #...         9%          1    N/A
b - Blink                 Tloc           N/A          17%         2    N/A

Dungeon Overview and Level Annotations

Branches:
Dungeon (1/15)

Altars:


Innate Abilities, Weirdness & Mutations

You do not eat or drink.
Your flesh is vulnerable to fire.
You are immune to poison.
Your flesh is cold resistant. (rC+)
You are immune to negative energy. (rN+++)
You are immune to unholy pain and torment.
You can survive without breathing.


Message History

Aim: a gnoll, wielding a spear (heavily wounded)
The magic dart hits the gnoll.
The gnoll is almost dead.
The gnoll hits you with a spear.
Casting: Magic Dart
Confirm with . or Enter, or press ? or * to list all spells.
You don't have enough magic to cast that spell.
You barely miss the gnoll.
The gnoll is almost dead.
The gnoll barely misses you.
You hit the gnoll but do no damage.
The gnoll is almost dead.
The gnoll hits you with a spear.
You barely miss the gnoll.
The gnoll is almost dead.
The gnoll barely misses you.
You hit the gnoll but do no damage.
The gnoll is almost dead.
The gnoll hits you with a spear!
You die...

.†..#.###♣♣...8..8..........[8†.8
....#g## ♣............<.........
.......# ♣...8..8...........8..8
.......## ♣♣...÷.............(.!.
(.......# ♣...÷..........)......
...)....## ♣..8..8...........8..8
#######..# ♣.....................
####.##############.#########
#..........g@.............. .
#........######..........## .
#........# #..........# ..
####....†######..........#
#.......................
####....................
#...........(........
#...................
#..................


You could see a gnoll.

Vanquished Creatures
  A giant cockroach (D:1)
  2 goblins (D:1)
  3 jackals (D:1)
  2 bats (D:1)
  3 kobolds (D:1)
  3 rats (D:1)
14 creatures vanquished.

Notes
Turn   | Place    | Note
-------+----------+-------------------------------------------
     0 | D:1      | Gospel the Mummy Wizard began the quest for the Orb.
     0 | D:1      | Reached XP level 1. HP: 13/13 MP: 5/5
    71 | D:1      | Reached skill level 1 in Conjurations
   457 | D:1      | Reached XP level 2. HP: 19/19 MP: 0/7
   618 | D:1      | Learned a level 2 spell: Blink
   801 | D:1      | Slain by a gnoll

Skill      XL: |  1 |
---------------+----+-----
Conjurations   | 1 |  1.4
Fighting       | |  0.2
Dodging        | |  1.5
Stealth        | |  1.5
Spellcasting   | |  4.4
Summonings     | |  0.7
Translocations | |  0.7

Action                   || total
-------------------------++-------
Melee: Dagger            ||    19
 Cast: Magic Dart        ||    41
Armor: Robe              ||     4
Dodge: Dodged            ||    27
